 Dungeon Crawl Stone Soup version 0.31-a0-1098-g6898e6545c (webtiles) character file.

Game seed: 1432287243130594220

263 gruber the Skirmisher (level 5, 0/42 HPs)
             Began as a Minotaur Hunter on Nov 30, 2023.
             Succumbed to a scorpion's poison
             ... on level 4 of the Dungeon.
             The game lasted 00:02:19 (2964 turns).

gruber the Skirmisher (Minotaur Hunter)             Turns: 2964, Time: 00:02:19

Health: 0/42       AC:  4    Str: 15    XL:     5   Next: 97%
Magic:  4/4        EV: 12    Int:  6    God:
Gold:   151        SH:  0    Dex: 16    Spells: 4/4 levels left

rFire   . . .        a - +0 shortbow
rCold   . . .        (shield currently unavailable)
rNeg    + . .        c - +0 leather armour
rPois   .            (helmet restricted)
rElec   .            p - +0 cloak
rCorr   .            (no gloves)
SInv    .            (no boots)
Will    .....        (no amulet)
Stlth   +            r - ring of positive energy
HPRegen 0.27/turn    (no ring)
MPRegen 0.09/turn

%: no passive effects
@: lethally poisoned (0 -> -20)
A: horns 2, retaliatory headbutt
a: no special abilities


You were on level 4 of the Dungeon.
You visited 1 branch of the dungeon, and saw 4 of its levels.

You collected 151 gold pieces.

Inventory:

Hand Weapons
 a - a +0 shortbow (weapon)
Armour
 c - a +0 leather armour (worn)
 p - a +0 cloak (worn)
Jewellery
 r - a ring of positive energy (left hand)
Scrolls
 b - a scroll of butterflies
 e - a scroll of blinking {unknown}
 f - a scroll of noise {unknown}
 g - 2 scrolls of teleportation {unknown}
 j - a scroll of identify {unknown}
 l - a scroll of enchant armour {unknown}
 n - 4 scrolls of revelation {unknown}
 s - a scroll of amnesia {unknown}
Potions
 k - a potion of curing
 o - a potion of berserk rage
 q - a potion of enlightenment


   Skills:
 - Level 2.4 Fighting
 + Level 8.0 Ranged Weapons
 - Level 2.1 Dodging
 - Level 0.7 Stealth


You had 4 spell levels left.
You didn't know any spells.
Your spell library was empty.

Dungeon Overview and Level Annotations

Branches:
Dungeon (4/15)             Temple (0/1) D:4

Altars:

Shops:
D:2 !


Innate Abilities, Weirdness & Mutations

You have a pair of horns on your head.
You reflexively headbutt those who attack you in melee.


Message History

The scorpion barely misses you.
You shoot an arrow. The arrow closely misses the scorpion.
You feel very sick. The scorpion barely misses you.
Unknown command.
You are too injured to fight recklessly!
You are too injured to fight recklessly!
Unknown command.
You are too injured to fight recklessly!
Unknown command.
Unknown command.
You shoot an arrow.
The arrow hits the scorpion but does no damage.
The scorpion is severely wounded.
You feel sick.
A goblin comes into view. It is wielding a +0 club.
The scorpion stings you.
You are more poisoned.
The scorpion poisons you!
Unknown command.
You shoot an arrow.
The arrow hits the scorpion but does no damage.
The scorpion is severely wounded.
You feel very sick. The scorpion barely misses you. You furiously retaliate!
You headbutt the scorpion, but do no damage.
The scorpion stings you.
* * * LOW HITPOINT WARNING * * *
You are more poisoned.
The scorpion poisons you!
Unknown command.
You shoot an arrow. The arrow hits the scorpion!
You kill the scorpion!
* * * LOW HITPOINT WARNING * * *
You feel extremely sick.
Your Ranged Weapons skill increases to level 8!
Unknown command.
Unknown command.
You shoot an arrow.
You die...

... ###........###..##.
#..##....##.........)..
#......................
#...................##..
.......>...........####.
.)..#.................#.
##..#......##)..........
.....#...†.....##.#.##.
#..#@....).#######...
##)†.......# ###.
#..)..#....# ##
#.#..).###..##
#.........#...#
...#.#...###..#
..######## #.## #. ###


There were no monsters in sight!

Vanquished Creatures
  A phantom (D:3)
  A scorpion (D:4)
  An orc priest (D:4)
  2 worms
  A dart slug (D:2)
  13 orcs
  A ball python (D:1)
  5 bats
  2 endoplasms
  2 giant cockroaches
  8 goblins
  4 hobgoblins
  8 jackals
  3 quokkas
  5 frilled lizards (D:2)
  9 kobolds
  4 rats
70 creatures vanquished.

Notes
Turn   | Place    | Note
-------+----------+-------------------------------------------
     0 | D:1      | gruber the Minotaur Hunter began the quest for the Orb.
     0 | D:1      | Reached XP level 1. HP: 18/18 MP: 0/0
   284 | D:1      | Reached XP level 2. HP: 25/25 MP: 1/1
   324 | D:1      | Reached skill level 5 in Ranged Weapons
   633 | D:1      | Noticed an eye of devastation
   635 | D:1      | Found a faded altar of an unknown god.
   637 | D:1      | Noticed an eye of devastation
   637 | D:1      | Noticed a golden eye
   637 | D:1      | Noticed a glass eye
   718 | D:1      | Reached XP level 3. HP: 30/30 MP: 2/2
  1355 | D:2      | Found Joyxydo's Distillery.
  1949 | D:3      | Reached skill level 6 in Ranged Weapons
  2338 | D:3      | Reached XP level 4. HP: 27/37 MP: 3/3
  2569 | D:4      | Noticed a phantom
  2593 | D:3      | Killed a phantom
  2594 | D:3      | Reached skill level 7 in Ranged Weapons
  2594 | D:3      | Reached XP level 5. HP: 8/42 MP: 4/4
  2894 | D:4      | Found a staircase to the Ecumenical Temple.
  2964 | D:4      | Reached skill level 8 in Ranged Weapons
  2964 | D:4      | Succumbed to a scorpion's poison

Illustrated notes

Levels and vault maps discovered:
D:1:      dpeg_arrival_lava_temple_mockup, layout_loops_corners,
          hellmonk_ecumenical_altar_watching_god, serial_bayou_pond_b,
          dk_noncrumbling_2
D:2:      layout_basic, serial_shops, shop, minmay_misc_feat_pillars,
          nicolae_underground_beach
D:3:      layout_loops_cross, due_unseen_surprise
D:4:      layout_cave_pools, nicolae_overflow_hallway_of_the_gods,
          minmay_temple_entry_proselytizer, gammafunk_ghost_stat_death,
          amcnicky_mini_corridor_feature, st_stairs_1

Skill      XL: |  1  2  3  4  5 |
---------------+----------------+-----
Ranged Weapons | 5 6 7 8 |  8.0
Fighting       | |  2.4
Dodging        | |  2.1
Stealth        | |  0.7

Action                     |  1- 3 |  4- 6 || total
---------------------------+-------+-------++-------
  Melee: Unarmed           |       |     2 ||     2
         Headbutt          |       |     1 ||     1
   Fire: Shortbow          |   162 |    71 ||   233
    Use: Potion            |       |     7 ||     7
 Armour: Leather armour    |    31 |    43 ||    74
  Dodge: Dodged            |    36 |    42 ||    78

Table legend: (Time is in decaauts)
 A = Elapsed time spent in this place.
 B = Non-inter-level travel time spent in this place.
 C = Inter-level travel time spent in this place.
 D = Time resting spent in this place.
 E = Time spent auto-exploring this place.
 F = Levels seen in this place.
 G = Mean time per level.
                   A        B        C        D        E       F      G
               +--------+--------+--------+--------+--------+-----+--------+
         Total |   3009 |   2844 |    165 |    130 |   2293 |   4 |  752.2 |
       Dungeon |   3009 |   2844 |    165 |    130 |   2293 |   4 |  752.2 |
               +--------+--------+--------+--------+--------+-----+--------+

Top non-repeatable levels by time:
     D:2: 992 daAuts
     D:1: 967 daAuts
     D:3: 915 daAuts
     D:4: 133 daAuts
